 Dungeon Crawl Stone Soup version 0.26.1-11-gd32895ea62 (webtiles) character file.

Game seed: 3175910528529312728

180 MajorAdolf the Skirmisher (level 5, -7/52 HPs)
             Began as a Naga Wanderer on July 21, 2021.
             Mangled by a mummy (8 damage)
             ... in an ossuary.
             The game lasted 00:03:53 (2516 turns).

MajorAdolf the Skirmisher (Naga Wanderer)           Turns: 2516, Time: 00:03:54

Health: -7/52      AC:  2    Str: 16    XL:     5   Next: 60%
Magic:  5/5        EV:  9    Int: 12    God:
Gold:   153        SH:  0    Dex: 10    Spells: 4/4 levels left

rFire    . . .     SeeInvis +   a - +3 spear
rCold    . . .     Faith    .   (no shield)
rNeg     . . .     Spirit   .   j - +0 robe
rPois    +         Reflect  .   (no helmet)
rElec    .         Harm     .   (no cloak)
rCorr    .         Rampage  .   (no gloves)
Will     .....                  (no barding)
Stlth    ++........             (no amulet)
HPRegen  0.17/turn              (no ring)
MPRegen  0.09/turn              (no ring)

@: very slow
A: large, see invisible, deformed body, poison resistance, slowness 2, spit
poison 1, AC +1
a: Spit Poison


You were in an ossuary.
You visited 1 branch of the dungeon, and saw 4 of its levels.
You also visited: Ossuary.

You collected 153 gold pieces.

Inventory:

Hand Weapons
 a - a +3 spear (weapon)
 d - a +0 dagger
 m - a +1 dagger of electrocution
Armour
 b - a +0 ring mail
 j - a +0 robe (worn)
Jewellery
 i - an uncursed ring of wizardry {unknown}
Scrolls
 c - 3 scrolls of teleportation
 h - a scroll of remove curse
Potions
 l - 2 potions of curing {unknown}
 o - a potion of attraction {unknown}
 p - a potion of heal wounds {unknown}
 r - a potion of magic {unknown}
 s - a potion of might {unknown}


   Skills:
 - Level 5.0 Fighting
 + Level 5.0 Polearms
 - Level 1.0 Armour
 + Level 4.6 Stealth
 - Level 1.0 Evocations


You had 4 spell levels left.
You didn't know any spells.
Your spell library was empty.

Dungeon Overview and Level Annotations

Branches:
Dungeon (4/15)            Ossuary (1/1)
 Temple: D:4-7

Altars:
Nemelex Xobeh
Sif Muna
Wu Jian
Xom

Annotations:
D:4 Duvessa


Innate Abilities, Weirdness & Mutations

You cannot wear boots.
Your serpentine skin is tough. (AC +1)
You have supernaturally acute eyesight. (SInv)
Armour fits poorly on your strangely shaped body.
Your system is resistant to poisons. (rPois)
You cover ground very slowly.
You can spit poison.


Message History

You are too injured to fight recklessly!
You are too injured to fight recklessly!
You barely miss the big kobold zombie.
The big kobold zombie is almost destroyed.
The big kobold zombie hits you.
You hit the big kobold zombie.
The big kobold zombie is almost destroyed.
The mummy barely misses you.
The big kobold zombie hits you but does no damage.
You barely miss the big kobold zombie.
The big kobold zombie is almost destroyed.
You hit the big kobold zombie.
You destroy the big kobold zombie!
The mummy hits you!!
* * * LOW HITPOINT WARNING * * *
You hit the mummy.
The mummy is moderately damaged.
Unknown command.
It was a potion of cancellation.
You feel magically purged. The mummy hits you!
You die...

#........
#......
#....#
#....#
#....#
#....#
#....#
#.M..#
#..@.#
#....#
#.∩∩.#
######


You could see a mummy.

Vanquished Creatures
  A centaur skeleton (D:4)
  An iguana (D:2)
  A big kobold zombie (Ossuary)
  2 mummies (Ossuary)
  3 adders
  An ooze (D:1)
  A dart slug (D:4)
  2 leopard geckos
  2 orcs
  3 giant cockroaches
  5 goblins
  5 hobgoblins
  9 kobolds
  A quokka (D:3)
  2 bats
  6 frilled lizards
  A gnoll zombie (Ossuary)
  2 hobgoblin zombies (Ossuary)
  2 kobold zombies (Ossuary)
  2 orc zombies (Ossuary)
  4 rats
56 creatures vanquished.

Notes
Turn   | Place    | Note
-------+----------+-------------------------------------------
     0 | D:1      | MajorAdolf the Naga Wanderer began the quest for the Orb.
     0 | D:1      | MajorAdolf set off with the following items: a +2 spear, a
                  | +0 ring mail, a scroll of teleportation, a +0 dagger
     0 | D:1      | Reached XP level 1. HP: 25/25 MP: 1/1
    80 | D:1      | Reached skill level 1 in Polearms
   149 | D:1      | Reached XP level 2. HP: 32/32 MP: 2/2
   254 | D:1      | Found a sparkling altar of Nemelex Xobeh.
   625 | D:2      | Reached XP level 3. HP: 39/39 MP: 3/3
  1051 | D:2      | Reached XP level 4. HP: 46/46 MP: 4/4
  1107 | D:2      | Found a shimmering altar of Xom.
  1222 | D:2      | Found an ornate altar of the Wu Jian Council.
  1234 | D:2      | Found a shimmering blue altar of Sif Muna.
  2077 | D:4      | Noticed Duvessa
  2139 | D:4      | Reached XP level 5. HP: 32/52 MP: 5/5
  2211 | D:4      | Found a sand-covered staircase.
  2219 | Ossuary  | Entered an ossuary
  2488 | Ossuary  | Reached skill level 5 in Polearms
  2514 | Ossuary  | HP: 1/52 [mummy (18)]
  2516 | Ossuary  | Mangled by a mummy

Illustrated notes

Levels and vault maps discovered:
D:1:      dpeg_arrival_snail, layout_rooms, nemelex_altar_shiori
D:2:      layout_loops_ring, nicolae_overflow_crystal_walls, led_sif_pool,
          nzn_wu_jian_contemplation, st_stairs_7
D:3:      layout_loops_ring
D:4:      layout_cave_pools, lemuel_crystal_altar, serial_rivers,
          chequers_serial_rivers_micro_c, chequers_serial_rivers_micro_b,
          chequers_serial_rivers_room_a, chequers_serial_rivers_small_b,
          enter_ossuary_1, uniq_duvessa
Ossuary:  ossuary_tomb_3

Skill      XL: |  1  2  3  4  5 |
---------------+----------------+-----
Polearms       | 1 2 3 4 5 |  5.0
Fighting       | |  5.0
Armour         | |  1.0
Stealth        | |  4.6
Evocations     | |  1.0

Action                   |  1- 3 |  4- 6 || total
-------------------------+-------+-------++-------
Melee: Spear             |    64 |    90 ||   154
 Abil: Spit Poison       |     1 |       ||     1
  Use: Scroll            |       |     6 ||     6
       Potion            |       |     1 ||     1
 Stab: Sleeping          |    10 |     5 ||    15
Armor: Ring mail         |     8 |       ||     8
       Robe              |     2 |     4 ||     6
Dodge: Dodged            |    18 |    19 ||    37
